 Dungeon Crawl Stone Soup version 0.31-a0-152-g6aa68a64a1 (webtiles) character file.

Game seed: 9046412084083805842

134489 Angani the Warrior (level 16, -17/157 HPs)
             Began as a Green Draconian Chaos Knight on June 11, 2023.
             Was the Champion of Jiyva.
             Killed from afar by a will-o-the-wisp (24 damage)
             ... with a foxfire
             ... on level 1 of the Swamp.
             The game lasted 00:47:33 (22041 turns).

Angani the Warrior (Green Draconian Chaos Knight)  Turns: 22041, Time: 00:47:34

Health: -17/157    AC: 16    Str: 16    XL:     16   Next: 32%
Magic:  16/16      EV: 36    Int: 15    God:    Jiyva [******]
Gold:   1575       SH:  0    Dex: 37    Spells: 15/15 levels left

rFire   . . .        a - +1 great sword (freeze)
rCold   + + +        (shield currently unavailable)
rNeg    . . .        (body armour unavailable)
rPois   +            (helmet restricted)
rElec   +            g - +2 cloak
rCorr   +            G - +0 pair of gloves
SInv    .            p - +2 pair of boots "Reonynie" {rElec Int+3}
Will    +....        F - amulet "Fuops" {RegenMP Regen+ Str+2 Dex+3 Stlth-}
Stlth   +            w - +6 ring of dexterity
HPRegen 3.66/turn    y - +6 ring of dexterity
MPRegen 1.05/turn

%: no passive effects
@: slowed, studying Staves, very slow
A: breathe noxious fumes, AC +9, unfitting armour, stinger 1, poison resistance,
cold-blooded, hooves 1, horns 1, agile 1, cold resistance 3, regeneration 1,
wild magic 2, eyeballs 2, pseudopods 2, jelly sensing items
}: 1/15 runes: slimy
a: Breathe Noxious Fumes, Renounce Religion, Oozemancy, Slimify


You were on level 1 of the Swamp.
You worshipped Jiyva.
Jiyva was exalted by your worship.
You visited 5 branches of the dungeon, and saw 28 of its levels.
You also visited: Ice Cave and Volcano.

You collected 1822 gold pieces.
You spent 247 gold pieces at shops.

Inventory:

Hand Weapons
 a - a +1 great sword of freezing (weapon)
 b - the +10 arbalest "Fukhuoha" {antimagic, rC+ Dex+8}
   (You found it on level 5 of the Pits of Slime)

   Dex:       It affects your dexterity (+8).
   rC:        It protects you from cold.
 W - a +0 falchion of chaos
 Y - the +2 falchion of Exhibitionism {freeze, rPois rN+}
   (You found it on level 5 of the Pits of Slime)

   rPois:     It protects you from poison.
   rN:        It protects you from negative energy.
 Z - a +1 scimitar of flaming
Missiles
 P - 2 throwing nets
Armour
 g - a +2 cloak (worn)
 p - the +2 pair of boots "Reonynie" (worn) {rElec Int+3}
   (You found it on level 2 of the Dungeon)

   Int:       It affects your intelligence (+3).
   rElec:     It insulates you from electricity.
 B - the +0 buckler of Noughts and Crosses {Rampage Will++ Int+3 SInv}
   (You bought it in a shop on level 5 of the Dungeon)

   Int:       It affects your intelligence (+3).
   SInv:      It lets you see invisible.
   Rampage:   It bestows one free step when moving towards enemies.
   Will:      It greatly increases your willpower.
 G - a +0 pair of gloves (worn)
 V - a +0 pair of boots of flying
Jewellery
 w - a +6 ring of dexterity (left hand)
 y - a +6 ring of dexterity (right hand)
 F - the amulet "Fuops" (around neck) {RegenMP Regen+ Str+2 Dex+3 Stlth-}
   (Xom gifted it to you on level 7 of the Dungeon)

   [amulet of magic regeneration]

   It increases your rate of magic regeneration.
   Str:       It affects your strength (+2).
   Dex:       It affects your dexterity (+3).
   Regen:     It increases your rate of health regeneration.
   Stlth:     It makes you less stealthy.
 I - a ring of positive energy
 L - a ring of ice
 M - a ring of fire
 N - a ring of willpower
 S - a ring of protection from cold
 X - the ring "Xaleufeu" {rElec rF- rN++ Dex+6}
   (You found it on level 5 of the Pits of Slime)

   [ring of dexterity]

   Dex:       It affects your dexterity (+6).
   rF:        It makes you vulnerable to fire.
   rElec:     It insulates you from electricity.
   rN:        It greatly protects you from negative energy.
Wands
 s - a wand of charming (6)
 t - a wand of roots (5)
 v - a wand of digging (18)
 E - a wand of light (14)
 T - a wand of mindburst (8)
Scrolls
 e - 4 scrolls of poison
 i - 2 scrolls of fog
 j - 3 scrolls of enchant weapon
 l - 2 scrolls of enchant armour {unknown}
 n - 8 scrolls of teleportation
 r - 4 scrolls of immolation {unknown}
 x - 3 scrolls of blinking
 z - 3 scrolls of amnesia
 H - 4 scrolls of fear {unknown}
 J - 2 scrolls of torment {unknown}
 Q - a scroll of summoning
 U - a scroll of identify
Potions
 c - 5 potions of cancellation
 d - 7 potions of curing
 f - 3 potions of brilliance
 h - 4 potions of heal wounds {unknown}
 k - 3 potions of haste
 m - 2 potions of attraction
 o - 5 potions of might
 q - a potion of magic
 u - a potion of berserk rage
 A - 2 potions of enlightenment
 C - 2 potions of invisibility
 D - 2 potions of lignification
 R - a potion of ambrosia
Miscellaneous
 K - a piece from Xom's chessboard (15/15) (quivered)
 O - a lightning rod (4/4)


   Skills:
 + Level 17.7 Fighting
 + Level 16.2 Long Blades
 + Level 3.7 Ranged Weapons
 + Level 16.9 Dodging
 - Level 11.0 Evocations


You had 15 spell levels left.
You didn't know any spells.
Your spell library contained the following spells:

 Spells                   Type           Power      Damage    Failure   Level
 Apportation              Tloc           0%         N/A       43%         1
 Freeze                   Ice            0%         1d3       43%         1
 Necrotise                Necr           0%         1d4       43%         1
 Sting                    Tmut/Pois      0%         1d3       43%         1
 Summon Small Mammal      Summ           0%         N/A       43%         1
 Cigotuvi's Dreadful Rot  Necr/Pois/Air  0%         N/A       56%         2
 Lesser Beckoning         Tloc           0%         N/A       56%         2
 Frozen Ramparts          Ice            0%         1d1       78%         3
 Gell's Gravitas          Tloc           0%         N/A       78%         3
 Hailstorm                Conj/Ice       0%         3d3       78%         3
 Inner Flame              Hex/Fire       0%         N/A       78%         3
 Spider Form              Tmut/Pois      0%         N/A       78%         3
 Teleport Other           Tloc           0%         N/A       78%         3
 Vhi's Electric Charge    Tloc/Air       0%         N/A       78%         3
 Volatile Blastmotes      Fire/Tloc      0%         2d10      78%         3
 Dispel Undead            Necr           0%         3d6       98%         4
 Flame Wave               Conj/Fire      0%         2d4       98%         4
 Fulminant Prism          Conj/Hex       0%         3d5       98%         4
 Ice Form                 Ice/Tmut       0%         N/A       98%         4
 Iskenderun's Mystic Bla  Conj/Tloc      0%         2d3       98%         4
 Leda's Liquefaction      Hex/Erth       0%         N/A       98%         4
 Petrify                  Tmut/Erth      0%         N/A       98%         4
 Sticky Flame             Conj/Fire      0%         2d3       98%         4
 Summon Lightning Spire   Summ/Air       0%         N/A       98%         4
 Arcjolt                  Conj/Air       0%         1d10      100%        5
 Blade Hands              Tmut           0%         N/A       100%        5
 Lee's Rapid Deconstruct  Erth           0%         3d4*      100%        5
 Metabolic Englaciation   Hex/Ice        0%         N/A       100%        5
 Death Channel            Necr           0%         N/A       100%        6
 Dispersal                Tloc           0%         N/A       100%        6
 Leda's Unmaking          Conj/Erth      0%         9d1       100%        6
 Plasma Beam              Fire/Air       0%         2x1d10    100%        6
 Simulacrum               Ice/Necr       0%         N/A       100%        6
 Statue Form              Tmut/Erth      0%         N/A       100%        6
 Animate Armour           Summ/Erth      Unusable   N/A       N/A         4

Dungeon Overview and Level Annotations

Branches:
Dungeon (15/15)            Temple (0/1) D:7            Lair (5/5) D:8
  Swamp (1/4) Lair:2       Spider (0/4) Lair:3        Slime (5/5) Lair:4
    Orc (2/2) D:10            Elf (0/3) Orc:2        Vaults (0/5) D:13
 Depths (0/4) D:15          IceCv (visited)         Volcano (visited)

Altars:
Cheibriados
Dithmenos
Hepliaklqana
Kikubaaqudgha
Okawaru
Qazlal
Trog
Xom
Yredelemnul
Jiyva

Shops:
D:5 [   D:8 (   Orc:2 ?*=

Portals:
Pandemonium: Orc:2

Annotations:
D:8 4 transporters
D:9 Gastronok, Lodul
Slime:5 Royal Jelly
Orc:2 3 runed translucent doors, 3 exclusions, wayreth's ghost, journeyman TrBe


Innate Abilities, Weirdness & Mutations

You can breathe blasts of noxious fumes.
Your lurid green scales are hard. (AC +9)
You cannot fit into any form of body armour.
Your tail ends in a venomous barb.
Your system is resistant to poisons. (rPois)
You are cold-blooded and may be slowed by cold attacks.
You have large cloven feet.
You have a pair of small horns on your head.
You are agile. (Dex +4, Str/Int -1)
Your flesh is almost immune to the effects of cold. (rC+++)
Your natural rate of healing is unusually fast.
Your spells are harder to cast, but more powerful.
Your body has grown many eyes which may confuse attackers. (Acc +5)
Armour fits poorly on your large pseudopods.
You have a small jelly attached to you that senses nearby items.


Message History

The will-o-the-wisp completely misses you.
Things that are here:
a +0 robe; a bog body corpse Unknown command.
Your unstable footing causes you to fumble your attack.
The will-o-the-wisp engulfs you! The will-o-the-wisp engulfs you.
Unknown command.
You hit the will-o-the-wisp. You freeze the will-o-the-wisp.
You headbutt the will-o-the-wisp, but do no damage.
The will-o-the-wisp is lightly damaged.
The will-o-the-wisp gestures.
The will-o-the-wisp conjures some foxfire! 2 foxfires come into view.
Your unstable footing causes you to fumble your attack.
The foxfire hits you!! The foxfire hits you.
The will-o-the-wisp gestures.
The will-o-the-wisp conjures some foxfire! 2 foxfires come into view.
You slash the will-o-the-wisp!
You headbutt the will-o-the-wisp, but do no damage.
You tail-slap the will-o-the-wisp.
The will-o-the-wisp is moderately damaged.
You are engulfed in a cloud of scalding steam.
The foxfire hits you!
The foxfire hits you but does no damage.
The will-o-the-wisp gestures.
The will-o-the-wisp conjures some foxfire!
The will-o-the-wisp gestures.
The will-o-the-wisp conjures some foxfire! 4 foxfires come into view.
You slash the will-o-the-wisp! You freeze the will-o-the-wisp.
The will-o-the-wisp is severely damaged.
You are engulfed in a cloud of scalding steam.
The foxfire hits you!!
* * * LOW HITPOINT WARNING * * *
The foxfire hits you!!
* * * LOW HITPOINT WARNING * * *
The foxfire hits you!!
You die...
Xom roars with laughter!

♣.~~~~~♣..♣♣ ♣.~~~~~~♣♣♣
♣..~~~.~♣ ♣♣..~~♣♣♣ ♣
♣♣.♣~..♣♣♣♣♣♣~
♣~)~♣.♣.~~.♣♣~ .♣
♣♣~~..~.~~.♣♣.♣ ♣.♣
♣..♣.~..^~.♣~~♣♣ ♣~~♣
....♣~~♣....♣.†@♣♣♣♣♣~.~♣
.... ♣~♣♣♣~..♣♣§vv§~~~..♣
....~.. ♣♣.†.♣♣§v§....♣♣
.♣♣.~.. ♣♣....♣♣♣...♣♣♣
♣♣♣.♣ ♣.~.♣~.♣♣...♣ ♣♣
♣♣~♣..~~♣...♣♣..
♣.~.~~..........~
♣♣~......~..~~.~.
♣.......~?...~..


You could see a will-o-the-wisp.

Vanquished Creatures
  A lich (IceCv)
  A fenstrider witch (Swamp:1)
  3 dire elephants (Lair:5)
  A bunyip (Swamp:1)
  An ettin (D:15)
  Josephine (Lair:5)
  A ghost crab (Swamp:1)
  6 hydras
  Harold (Orc:1)
  A caustic shrike simulacrum (IceCv)
  An ogre mage (D:15)
  Erica (D:10)
  3 demonspawn (Orc:2)
  3 centaur warriors
  3 catoblepae
  3 alligators (Swamp:1)
  2 boulder beetles (D:14)
  A death knight (D:14)
  8 two-headed ogres
  3 orc high priests (Orc:2)
  4 death yaks (Lair:3)
  6 tengu warriors
  2 spectral dire elephants (Lair:5)
  Sonja (Lair:1)
  2 spriggans (Swamp:1)
  A sixfirhy (Orc:2)
  A skeletal warrior (D:13)
  A fire crab (Volcano)
  A skyshark (Lair:3)
  A deep troll (Lair:2)
  4 bog bodies
  2 obsidian statues
  A spectral anaconda (Lair:5)
  A spriggan druid (Swamp:1)
  2 spriggan simulacra (IceCv)
  4 necromancers
  A deep elf pyromancer (D:14)
  A lindwurm (Volcano)
  8 orc knights
  12 ugly things
  A harpy (Lair:1)
  5 will-o-the-wisps (Swamp:1)
  8 orc sorcerers (Orc:2)
  3 wolf spiders
  5 cyclopes
  2 manticores
  3 black mambas
  8 elephants (Lair:5)
  A torpor snail (Lair:2)
  A gargoyle (D:12)
  4 centaur skeletons (D:13)
  16 cane toads
  An unseen horror (D:11)
  9 rime drakes
  5 yaktaurs (D:13)
  20 freezing wraiths
  An efreet (D:12)
  A kobold demonologist (D:10)
  6 komodo dragons
  2 ice devils (Orc:2)
  7 anaconda simulacra (IceCv)
  2 polar bears
  5 trolls
  2 golden dragon simulacra (IceCv)
  A queen bee (shapeshifter) (D:10)
  2 hornets (Swamp:1)
  A wolf spider simulacrum (D:14)
  2 tyrant leeches
  A spectral elephant (Lair:5)
  9 blink frogs
  2 shadows
  4 wyverns
  A culicivora (Lair:3)
  10 fire bats (Volcano)
  A vampire (D:13)
  Eustachio (D:4)
  A dire elephant simulacrum (IceCv)
  6 basilisks
  33 yaks
  4 wraiths (Lair:5)
  2 minotaur simulacra (IceCv)
  A redback (Lair:3)
  5 steam dragons
  2 death yak simulacra (Lair:5)
  5 vampire mosquitoes
  7 wargs (Orc:2)
  2 harpy simulacra (IceCv)
  7 swamp worms
  A spectral cane toad (Lair:5)
  11 water moccasins
  3 acid dragons
  3 hydra simulacra (IceCv)
  3 hell hounds (Volcano)
  36 orc warriors
  2 sky beasts
  4 alligator simulacra (IceCv)
  2 elephant zombies (Lair:5)
  An ice beast (D:5)
  2 ettin simulacra (IceCv)
  A black bear (D:8)
  17 ogres
  A boggart (D:13)
  18 wolves
  8 centaurs
  A phantom (D:6)
  3 elephant skeletons (Lair:5)
  2 kobold brigands
  13 bullfrogs
  A gnoll sergeant (D:8)
  2 deep troll simulacra (IceCv)
  2 scorpions
  A cane toad simulacrum (Lair:5)
  15 wights
  10 killer bees
  2 lindwurm simulacra (IceCv)
  4 howler monkeys
  6 lava snakes (Volcano)
  32 orc priests
  5 hounds
  2 gnoll boudas
  2 iguanas
  3 jellies (Lair:4)
  3 sleepcaps
  5 hell rats (Lair:4)
  21 orc wizards
  A boggart skeleton (D:13)
  14 gnolls
  7 adders
  A white imp (D:7)
  An ufetubus (D:6)
  A worm (D:2)
  4 dart slugs
  73 orcs
  5 bats
  14 endoplasms
  2 giant cockroaches (D:3)
  7 goblins
  4 hobgoblins
  3 jackals (D:1)
  10 kobolds
  3 quokkas
  7 ball pythons
  5 frilled lizards
  6 rats
745 creatures vanquished.

Vanquished Creatures (collateral kills)
  A two-headed ogre (D:10)
  An ugly thing (D:10)
  A troll (D:10)
  A shadow (D:10)
  A yak (D:10)
  A vampire mosquito (D:13)
  An orc warrior (D:10)
  A kobold brigand (D:13)
  A bullfrog (Lair:1)
  A wight (D:10)
  An orc priest (D:4)
  2 orcs
  A goblin (D:4)
  A kobold (D:4)
15 creatures vanquished.

Vanquished Creatures (others)
  A wizard (D:15)
  A necromancer (D:15)
  2 cyclopes (D:15)
  Psyche (D:12)
  A bloated husk (Swamp:1)
  10 slime creatures (D:15)
  2 orc warriors
  4 boggarts (D:15)
  24 jellies
  An orc priest (Orc:1)
  An iguana (D:6)
  4 orc wizards
  An orc zombie (Orc:2)
  2 adders
  10 orcs
  21 foxfires (Swamp:1)
86 creatures vanquished.

Grand Total: 846 creatures vanquished

Notes
Turn   | Place    | Note
-------+----------+-------------------------------------------
     0 | D:1      | Angani the Draconian Chaos Knight began the quest for the
                  | Orb.
     0 | D:1      | Reached XP level 1. HP: 19/19 MP: 1/1
     0 | D:1      | XOM: silly message
    97 | D:1      | Reached XP level 2. HP: 23/26 MP: 2/2
   446 | D:1      | Reached XP level 3. HP: 33/33 MP: 3/3
   532 | D:1      | XOM: divination: magic mapping
   566 | D:1      | XOM: divination: detect creatures
   769 | D:2      | Reached skill level 4 in Fighting
   769 | D:2      | XOM: potion effect (attraction)
  1246 | D:2      | Identified the +2 pair of boots "Reonynie" {rElec Int+3}
  1367 | D:3      | Reached XP level 4. HP: 40/40 MP: 4/4
  1447 | D:3      | XOM: silly message
  1549 | D:3      | XOM: cast spell 'Leda's Liquefaction'
  1871 | D:3      | XOM: noise
  2008 | D:4      | XOM: summons friendly shadow imp
  2016 | D:4      | Reached XP level 5. HP: 47/47 MP: 5/5
  2080 | D:4      | XOM: silly message
  2232 | D:4      | Noticed Eustachio
  2346 | D:3      | XOM: give mutations
  2346 | D:3      | Gained mutation: You are partially covered in large bone
                  | plates. (SH +4) [Xom's grace]
  2346 | D:3      | Gained mutation: Your mind is acute. (Int +4, Str/Dex -1)
                  | [Xom's grace]
  2397 | D:3      | HP: 1/47 [orc priest/+0 flail (7)]
  2400 | D:3      | Reached skill level 5 in Fighting
  2579 | D:4      | Killed Eustachio
  2579 | D:4      | XOM: confusion (+ monsters)
  2580 | D:4      | Reached XP level 6. HP: 39/56 MP: 6/6
  2640 | D:4      | Found a snail-covered altar of Cheibriados.
  2805 | D:4      | Noticed a steam dragon
  2809 | D:4      | XOM: summons friendly ufetubus
  2820 | D:4      | Reached skill level 5 in Long Blades
  2821 | D:4      | XOM: cast spell 'Cause Fear'
  2825 | D:4      | XOM: enchant monster (good)
  2838 | D:4      | XOM: confuse monster(s)
  2846 | D:4      | Killed a steam dragon
  2847 | D:4      | Your scales start taking on a lurid green colour.
  2847 | D:4      | Reached XP level 7. HP: 41/62 MP: 7/7
  2847 | D:4      | Gained mutation: Your system is resistant to poisons.
                  | (rPois) [Green Draconian growth]
  2950 | D:4      | XOM: cloud trail
  3049 | D:5      | Entered Level 5 of the Dungeon
  3058 | D:5      | Reached skill level 6 in Fighting
  3093 | D:5      | Found Uleoxt's Antique Armour Boutique.
  3334 | D:5      | Reached skill level 5 in Dodging
  3347 | D:5      | XOM: noise
  3497 | D:5      | XOM: polymorph adder -> frilled lizard
  3814 | D:5      | XOM: give mutations
  3814 | D:5      | Gained mutation: Your body sometimes deteriorates upon
                  | taking damage. [Xom's mischief]
  3814 | D:5      | Gained mutation: You are vulnerable to heat. (rF-) [Xom's
                  | mischief]
  3814 | D:5      | Gained mutation: You have sharp toenails. [Xom's mischief]
  3814 | D:5      | Gained mutation: You are occasionally teleported next to
                  | monsters. [Xom's mischief]
  3938 | D:5      | XOM: god gift: glowing war axe {god gift}
  4069 | D:5      | XOM: give mutations
  4069 | D:5      | Lost mutation: Your mind is acute. (Int +4, Str/Dex -1)
                  | [Xom's mischief]
  4069 | D:5      | Lost mutation: You have sharp toenails. [Xom's mischief]
  4069 | D:5      | Gained mutation: A frigid envelope surrounds you and
                  | freezes all who hurt you. [Xom's mischief]
  4446 | D:6      | Reached XP level 8. HP: 71/71 MP: 8/8
  4536 | D:6      | XOM: divine lightning
  4740 | D:6      | Reached skill level 7 in Fighting
  4743 | D:6      | XOM: scenery: summon butterflies
  4841 | D:6      | Found a hazy altar of Hepliaklqana.
  5001 | D:5      | Bought a spiked buckler for 247 gold pieces
  5001 | D:5      | Identified the +0 buckler of Noughts and Crosses {Rampage
                  | Will++ Int+3 SInv} (You bought it in a shop on level 5 of
                  | the Dungeon)
  5159 | D:7      | XOM: enchant monster (good)
  5229 | D:7      | Found a staircase to the Ecumenical Temple.
  5264 | D:7      | XOM: give mutations
  5264 | D:7      | Gained mutation: You have a pair of small horns on your
                  | head. [Xom's grace]
  5264 | D:7      | Gained mutation: You are strong-willed. (Will+) [Xom's
                  | grace]
  5264 | D:7      | Gained mutation: Your large and strong wings let you fly.
                  | [Xom's grace]
  5570 | D:7      | Identified the amulet "Fuops" {RegenMP Regen+ Str+2 Dex+3
                  | Stlth-} (Xom gifted it to you on level 7 of the Dungeon)
  5570 | D:7      | XOM: god gift: amulet "Fuops" {RegenMP Regen+ Str+2 Dex+3
                  | Stlth-}
  5651 | D:7      | Found a shimmering altar of Xom.
  5669 | D:7      | Reached skill level 8 in Fighting
  5708 | D:7      | Found an iron altar of Okawaru.
  5851 | D:7      | Found a stormy altar of Qazlal.
  5851 | D:7      | Found a basalt altar of Yredelemnul.
  5896 | D:8      | XOM: confuse monster(s)
  5912 | D:8      | Reached XP level 9. HP: 81/81 MP: 9/9
  5914 | D:8      | XOM: polymorph orc warrior -> hound
  5925 | D:8      | XOM: cast spell 'Disjunction'
  5954 | D:8      | XOM: scenery: summon butterflies
  6010 | D:8      | XOM: fog
  6068 | D:8      | Found a transporter.
  6076 | D:8      | Found a transporter.
  6077 | D:8      | Found a transporter.
  6133 | D:8      | Found a transporter.
  6152 | D:8      | Reached skill level 9 in Fighting
  6405 | D:8      | Found a staircase to the Lair.
  6597 | D:8      | Found Howk's Weapon Boutique.
  6762 | D:9      | XOM: summons friendly quasit
  6881 | D:9      | Found a bloodstained altar of Trog.
  7030 | D:9      | Found a shadowy altar of Dithmenos.
  7509 | D:10     | Entered Level 10 of the Dungeon
  7509 | D:10     | Noticed Gastronok
  7511 | D:10     | XOM: summons friendly shadow imp
  7512 | D:10     | XOM: divination: magic mapping
  7513 | D:10     | XOM: divine lightning
  7516 | D:10     | Gastronok changed into Gastronok the rockslime
  7516 | D:10     | Noticed Gastronok
  7516 | D:10     | XOM: polymorph Gastronok -> Gastronok the rockslime
  7517 | D:10     | Noticed Lodul
  7522 | D:9      | XOM: butterfly on damage
  7604 | D:10     | Reached XP level 10. HP: 93/93 MP: 10/10
  7605 | D:10     | Reached skill level 10 in Fighting
  7651 | D:10     | Noticed a white ugly thing
  7664 | D:10     | Killed a white ugly thing
  7725 | D:10     | XOM: give mutations
  7725 | D:10     | Gained mutation: Your spells are a little harder to cast,
                  | but a little more powerful. [Xom's grace]
  7725 | D:10     | Gained mutation: You have large cloven feet. [Xom's grace]
  7725 | D:10     | Gained mutation: You are agile. (Dex +4, Str/Int -1) [Xom's
                  | grace]
  7780 | D:10     | Noticed a two-headed ogre
  7786 | D:10     | Killed a two-headed ogre
  7787 | D:10     | Reached skill level 11 in Fighting
  7787 | D:10     | Reached skill level 10 in Long Blades
  7857 | D:10     | XOM: 2-stop teleportation journey
  7866 | D:10     | XOM: cast spell 'Monstrous Menagerie'
  7959 | D:10     | XOM: enchant monster (bad)
  8078 | D:10     | Reached XP level 11. HP: 92/102 MP: 11/11
  8086 | D:10     | XOM: summons 5 friendly demons
  8090 | D:10     | Noticed a two-headed ogre
  8094 | D:10     | Killed a two-headed ogre
  8130 | D:10     | XOM: confusion
  8135 | D:10     | Noticed a brown ugly thing
  8137 | D:10     | XOM: scenery: create altars
  8145 | D:10     | XOM: divination: magic mapping
  8158 | D:10     | XOM: potion effect (brilliance)
  8160 | D:10     | XOM: confuse monster(s)
  8172 | D:10     | Killed a brown ugly thing
  8323 | D:10     | Noticed Erica
  8337 | D:10     | Killed Erica
  8364 | D:10     | XOM: potion effect (haste)
  8367 | D:10     | XOM: polymorph yak -> troll
  8383 | D:10     | Reached skill level 12 in Fighting
  8387 | D:10     | XOM: polymorph yak -> shapeshifter
  8418 | D:9      | XOM: silly message
  8479 | Lair:1   | Entered Level 1 of the Lair of Beasts
  8483 | Lair:1   | Reached skill level 10 in Dodging
  8483 | Lair:1   | XOM: blink monster(s)
  8496 | D:8      | XOM: swap monsters
  8498 | D:8      | XOM: smoke on damage
  8647 | Lair:1   | XOM: blink monster(s)
  8666 | Lair:1   | XOM: confuse monster(s)
  8672 | Lair:1   | XOM: confuse monster(s)
  8685 | Lair:1   | XOM: repel stairs
  8687 | Lair:1   | XOM: confusion
  8702 | Lair:1   | XOM: swap monsters
  8721 | Lair:1   | XOM: polymorph komodo dragon -> cyclops
  8845 | Lair:1   | Noticed Sonja
  8845 | Lair:1   | XOM: blink monster(s)
  8851 | Lair:1   | XOM: divine lightning
  8861 | Lair:1   | Reached XP level 12. HP: 108/113 MP: 12/12
  8864 | Lair:1   | XOM: fog
  8865 | Lair:1   | XOM: blink monster(s)
  8871 | Lair:1   | Killed Sonja
  8872 | Lair:1   | Reached skill level 13 in Fighting
  8872 | Lair:1   | Reached skill level 1 in Evocations
  8927 | Lair:1   | XOM: polymorph yak -> harpy
  8935 | Lair:1   | XOM: 2-stop teleportation journey
  8959 | Lair:1   | XOM: summons 11 friendly demons
  8992 | Lair:1   | XOM: give mutation
  8992 | Lair:1   | Gained mutation: You have hoof-like feet. [Xom's mischief]
  9002 | Lair:1   | XOM: summons 4 hostile shadow creatures
  9043 | Lair:1   | Noticed Fannar
  9055 | Lair:1   | XOM: blink monster(s)
  9067 | Lair:1   | Fannar changed into Fannar the wolf spider
  9067 | Lair:1   | Noticed Fannar
  9067 | Lair:1   | XOM: polymorph Fannar -> Fannar the wolf spider
  9072 | Lair:1   | Killed Fannar the wolf spider
  9196 | Lair:1   | XOM: give mutations
  9196 | Lair:1   | Lost mutation: A frigid envelope surrounds you and freezes
                  | all who hurt you. [Xom's mischief]
  9196 | Lair:1   | Lost mutation: You are partially covered in large bone
                  | plates. (SH +4) [Xom's mischief]
  9487 | Lair:1   | XOM: swap monsters
  9622 | Lair:2   | XOM: confusion (+ monsters)
  9686 | Lair:2   | XOM: 2-stop teleportation journey
  9689 | Lair:2   | Noticed a four-headed hydra
  9689 | Lair:2   | XOM: 1-stop teleportation journey
  9700 | Lair:1   | XOM: confusion
  9701 | Lair:1   | XOM: blink monster(s)
  9836 | Lair:2   | XOM: stat loss: -1 Dex (33/34)
  9842 | Lair:2   | XOM: polymorph electric eel -> bullfrog
 10099 | Lair:2   | XOM: torment (59/115 hp)
 10249 | Lair:2   | XOM: 3-stop teleportation journey
 10251 | Lair:2   | XOM: summons friendly crimson imp
 10272 | Lair:2   | Noticed a four-headed hydra
 10280 | Lair:2   | Killed a one-headed hydra
 10355 | Lair:2   | Killed a one-headed hydra
 10492 | Lair:2   | Found a staircase to the Swamp.
 10750 | Lair:2   | XOM: enchant monster (good)
 10760 | Lair:2   | Reached skill level 5 in Evocations
 10781 | Lair:2   | Reached skill level 14 in Fighting
 10812 | Lair:3   | XOM: 6-stop teleportation journey
 10836 | Lair:3   | Identified a scroll of acquirement
 10837 | Lair:3   | Acquired a manual of Dodging
 10841 | Lair:3   | Noticed a death yak
 10842 | Lair:3   | Noticed a death yak
 10842 | Lair:3   | Noticed a death yak
 10842 | Lair:3   | Noticed a catoblepas
 10847 | Lair:3   | XOM: enchant monster (bad)
 10858 | Lair:3   | XOM: cleaving
 10863 | Lair:3   | Noticed a death yak
 10863 | Lair:3   | XOM: 1-stop teleportation journey
 10876 | Lair:3   | Killed a death yak
 10880 | Lair:3   | Killed a death yak
 10881 | Lair:3   | Reached XP level 13. HP: 72/124 MP: 13/13
 10888 | Lair:3   | XOM: summons 2 hostile shadow creatures
 10917 | Lair:3   | XOM: swap monsters
 10996 | Lair:3   | XOM: divination: magic mapping
 11038 | Lair:3   | XOM: potion effect (might)
 11155 | Lair:3   | XOM: summons 5 hostile demons
 11315 | Lair:3   | XOM: give mutations
 11315 | Lair:3   | Lost mutation: Your large and strong wings let you fly.
                  | [Xom's mischief]
 11315 | Lair:3   | Lost mutation: You are agile. (Dex +4, Str/Int -1) [Xom's
                  | mischief]
 11315 | Lair:3   | Lost mutation: Your body sometimes deteriorates upon taking
                  | damage. [Xom's mischief]
 11315 | Lair:3   | Gained mutation: You are frail. (-10% HP) [Xom's mischief]
 11377 | Lair:3   | XOM: stat loss: -1 Int (18/19)
 11382 | Lair:3   | XOM: blink monster(s)
 11505 | Lair:3   | XOM: give mutations
 11505 | Lair:3   | Gained mutation: You occasionally lose the ability to read
                  | scrolls when taking damage. [Xom's mischief]
 11505 | Lair:3   | Lost mutation: You occasionally lose the ability to read
                  | scrolls when taking damage. [Xom's mischief]
 11505 | Lair:3   | Gained mutation: You are very frail. (-20% HP) [Xom's
                  | mischief]
 11505 | Lair:3   | Lost mutation: You are strong-willed. (Will+) [Xom's
                  | mischief]
 11509 | Lair:3   | Lost mutation: You are occasionally teleported next to
                  | monsters. [potion of mutation]
 11509 | Lair:3   | Lost mutation: You have a pair of small horns on your head.
                  | [potion of mutation]
 11551 | Lair:3   | Lost mutation: You are very frail. (-20% HP) [potion of
                  | mutation]
 11551 | Lair:3   | Lost mutation: Your spells are a little harder to cast, but
                  | a little more powerful. [potion of mutation]
 11551 | Lair:3   | Lost mutation: You are vulnerable to heat. (rF-) [potion of
                  | mutation]
 11551 | Lair:3   | Gained mutation: You are occasionally teleported next to
                  | monsters. [potion of mutation]
 11551 | Lair:3   | Gained mutation: You occasionally lose the ability to read
                  | scrolls when taking damage. [potion of mutation]
 11551 | Lair:3   | Gained mutation: Your mind is acute. (Int +4, Str/Dex -1)
                  | [potion of mutation]
 11551 | Lair:3   | Gained mutation: A frigid envelope surrounds you and
                  | freezes all who hurt you. [potion of mutation]
 11552 | Lair:3   | Lost mutation: Your mind is acute. (Int +4, Str/Dex -1)
                  | [potion of mutation]
 11552 | Lair:3   | Lost mutation: You are occasionally teleported next to
                  | monsters. [potion of mutation]
 11552 | Lair:3   | Lost mutation: You occasionally lose the ability to read
                  | scrolls when taking damage. [potion of mutation]
 11552 | Lair:3   | Gained mutation: You have an increased reservoir of magic.
                  | (+10% MP) [potion of mutation]
 11552 | Lair:3   | Gained mutation: Your tail ends in a venomous barb. [potion
                  | of mutation]
 11669 | Lair:3   | XOM: stat loss: -1 Int (17/19)
 11713 | Lair:3   | Found a hole to the Spider Nest.
 11713 | Lair:3   | XOM: chaos cloud
 11715 | Lair:3   | XOM: enchant monster (bad)
 11720 | Lair:3   | XOM: confusion (+ monsters)
 11841 | Lair:4   | XOM: 2-stop teleportation journey
 11904 | Lair:4   | XOM: potion effect (brilliance)
 11968 | Lair:4   | Found an ancient bone altar of Kikubaaqudgha.
 12037 | Lair:4   | XOM: silly message
 12038 | Lair:4   | Found a runed translucent door.
 12038 | Lair:4   | Found a viscous altar of Jiyva.
 12042 | Lair:4   | XOM: divination: magic mapping
 12052 | Lair:4   | Found a staircase to the Slime Pits.
 12119 | Lair:4   | Fell from the grace of Xom
 12119 | Lair:4   | Became a worshipper of Jiyva Juhephot the Shapeless
 12180 | Lair:4   | XOM: summons 2 hostile shadow creatures
 12954 | D:10     | Found a staircase to the Orcish Mines.
 13032 | Orc:1    | Entered Level 1 of the Orcish Mines
 13070 | Orc:1    | XOM: 2-stop teleportation journey
 13304 | Orc:2    | Entered Level 2 of the Orcish Mines
 13310 | Orc:1    | Reached * piety under Jiyva
 13313 | Orc:1    | Noticed Harold
 13336 | Orc:1    | Killed Harold
 13456 | Orc:1    | XOM: give mutations
 13456 | Orc:1    | Gained mutation: You are weak. (Str -2) [Xom's mischief]
 13456 | Orc:1    | Gained mutation: Your spells are a little easier to cast,
                  | but a little less powerful. [Xom's mischief]
 13496 | Orc:2    | XOM: polymorph orc warrior -> sky beast
 13735 | Orc:2    | Reached ** piety under Jiyva
 13871 | Orc:2    | Reached skill level 15 in Fighting
 13966 | Orc:2    | Found a staircase to the Elven Halls.
 14008 | Orc:2    | Found a runed translucent gate.
 14008 | Orc:2    | Found a runed translucent gate.
 14008 | Orc:2    | Found a runed translucent gate.
 14199 | Orc:2    | Found Gemp's Magic Scroll Shop.
 14204 | Orc:2    | Found Jyt Xuad's General Store.
 14234 | Orc:2    | XOM: noise
 14388 | Orc:2    | Mutation became permanent: Your tail ends in a venomous
                  | barb. [Green Draconian growth]
 14388 | Orc:2    | Gained mutation: Your tail ends in a venomous barb. [Green
                  | Draconian growth]
 14388 | Orc:2    | Reached XP level 14. HP: 109/121 MP: 15/15
 14905 | Orc:2    | Found Tipe's Jewellery Emporium.
 14905 | Orc:2    | Found a one-way gate leading to the halls of Pandemonium.
 14905 | Orc:2    | Found Ablon's Antique Armour Shoppe.
 14960 | Orc:2    | Noticed wayreth's ghost (journeyman TrBe)
 14992 | D:10     | XOM: summons 12 hostile demons
 15152 | D:11     | Reached *** piety under Jiyva
 15152 | D:11     | Lost mutation: Your spells are a little easier to cast, but
                  | a little less powerful. [Jiyva's grace]
 15152 | D:11     | Gained mutation: Your body has grown eyes which may confuse
                  | attackers. (Acc +3) [Jiyva's grace]
 15152 | D:11     | Gained mutation: Your body has grown many eyes which may
                  | confuse attackers. (Acc +5) [Jiyva's grace]
 15152 | D:11     | Gained mutation: Your body is covered in eyes which may
                  | confuse attackers. (Acc +7, SInv) [Jiyva's grace]
 15152 | D:11     | Gained mutation: You have a small jelly attached to you
                  | that senses nearby items. [Jiyva's grace]
 15621 | D:11     | Reached **** piety under Jiyva
 16080 | D:12     | Killed Psyche
 16388 | D:13     | XOM: 1-stop teleportation journey
 16653 | D:13     | XOM: cloud trail
 16659 | D:13     | Reached ***** piety under Jiyva
 16708 | D:13     | Lost mutation: You are frail. (-10% HP) [Jiyva's grace]
 16708 | D:13     | Lost mutation: You have an increased reservoir of magic.
                  | (+10% MP) [Jiyva's grace]
 16708 | D:13     | Lost mutation: Your body is covered in eyes which may
                  | confuse attackers. (Acc +7, SInv) [Jiyva's grace]
 16708 | D:13     | Lost mutation: You have a small jelly attached to you that
                  | senses nearby items. [Jiyva's grace]
 16708 | D:13     | Gained mutation: You are agile. (Dex +4, Str/Int -1)
                  | [Jiyva's grace]
 16708 | D:13     | Gained mutation: You are very agile. (Dex +8, Str/Int -2)
                  | [Jiyva's grace]
 16708 | D:13     | Gained mutation: Your spells are a little harder to cast,
                  | but a little more powerful. [Jiyva's grace]
 16708 | D:13     | Gained mutation: Your spells are harder to cast, but more
                  | powerful. [Jiyva's grace]
 16709 | D:13     | Found a gate to the Vaults.
 17028 | D:13     | Identified the +1 ring mail of the Evening {Will+ Regen+}
 17057 | D:13     | Reached skill level 16 in Fighting
 17094 | D:13     | XOM: god gift: glowing orcbow {god gift}
 17222 | D:14     | Reached skill level 15 in Dodging
 17680 | D:14     | XOM: polymorph jelly -> shapeshifter
 17837 | D:14     | XOM: divination: magic mapping
 17857 | D:15     | Entered Level 15 of the Dungeon
 17925 | D:15     | Found a frozen archway.
 17935 | IceCv    | Entered an ice cave
 17996 | IceCv    | Reached XP level 15. HP: 110/145 MP: 15/15
 18092 | IceCv    | Reached skill level 15 in Long Blades
 18260 | IceCv    | Noticed a lich
 18268 | IceCv    | Killed a lich
 18283 | IceCv    | Reached skill level 10 in Evocations
 18363 | IceCv    | Found an ancient bone altar of Kikubaaqudgha.
 18808 | D:15     | Found a staircase to the Depths.
 18867 | D:15     | Reached ****** piety under Jiyva
 18867 | D:15     | Lost mutation: A frigid envelope surrounds you and freezes
                  | all who hurt you. [Jiyva's grace]
 18867 | D:15     | Gained mutation: Armour fits poorly on your pseudopods.
                  | [Jiyva's grace]
 18867 | D:15     | Gained mutation: Armour fits poorly on your large
                  | pseudopods. [Jiyva's grace]
 18867 | D:15     | Gained mutation: Armour fits poorly on your massive
                  | pseudopods. [Jiyva's grace]
 18867 | D:15     | Gained mutation: You have a pair of small horns on your
                  | head. [Jiyva's grace]
 18923 | D:15     | Reached skill level 17 in Fighting
 18947 | D:15     | Found an iron altar of Okawaru.
 19235 | D:15     | XOM: scenery: create altars
 19412 | D:9      | XOM: give mutations
 19412 | D:9      | Gained mutation: Your natural rate of healing is unusually
                  | fast. [Xom's mischief]
 19412 | D:9      | Lost mutation: You have hoof-like feet. [Xom's mischief]
 19583 | Slime:1  | Entered Level 1 of the Pits of Slime
 19588 | Slime:2  | Noticed an acid blob
 19588 | Slime:2  | Noticed an acid blob
 19593 | Slime:2  | Noticed an azure jelly
 19598 | Slime:3  | Noticed an acid blob
 19601 | Slime:3  | Noticed a rockslime
 19633 | Slime:3  | Noticed an acid blob
 19667 | Slime:4  | Noticed a rockslime
 19670 | Slime:5  | Entered Level 5 of the Pits of Slime
 19670 | Slime:5  | Noticed an acid blob
 19670 | Slime:5  | Noticed a rockslime
 19677 | Slime:5  | Noticed a rockslime
 19681 | Slime:5  | Found a viscous altar of Jiyva.
 19683 | Slime:5  | Noticed an acid blob
 19683 | Slime:5  | Noticed an acid blob
 19684 | Slime:5  | Noticed an acid blob
 19685 | Slime:5  | Noticed an acid blob
 19687 | Slime:5  | Identified the ring "Xaleufeu" {rElec rF- rN++ Dex+6}
 19688 | Slime:5  | Noticed an acid blob
 19688 | Slime:5  | Noticed the Royal Jelly
 19689 | Slime:5  | Identified the +0 cloak of Scuffed Creativity {rF- Int+5}
 19691 | Slime:5  | Noticed an acid blob
 19692 | Slime:5  | Found the +6 lightning scales {swift, rElec}
 19692 | Slime:5  | Noticed a rockslime
 19695 | Slime:5  | Noticed an acid blob
 19700 | Slime:5  | Identified the +6 arbalest of the Bouncing Princes {flame,
                  | rF- rC++ Int+4}
 19701 | Slime:5  | Noticed an azure jelly
 19703 | Slime:5  | Got Sif Muna's Directory of Composition
 19710 | Slime:5  | Identified the +2 falchion of Exhibitionism {freeze, rPois
                  | rN+}
 19713 | Slime:5  | Got a slimy rune of Zot
 19714 | Slime:5  | Identified the +7 dagger "Ogrebane" {flame, rPois Dex+5}
 19723 | Slime:5  | Identified the +10 arbalest "Fukhuoha" {antimagic, rC+
                  | Dex+8}
 19752 | Slime:5  | Noticed an azure jelly
 19779 | Slime:5  | Noticed a rockslime
 19805 | Slime:5  | Noticed an azure jelly
 20038 | Lair:5   | Entered Level 5 of the Lair of Beasts
 20106 | Lair:5   | Found a dark tunnel.
 20118 | Volcano  | Entered a volcano
 20219 | Volcano  | Found a radiant altar of Vehumet.
 20265 | Volcano  | Found a bloodstained altar of Trog.
 20375 | Lair:5   | XOM: summons 8 hostile demons
 20656 | Lair:5   | Noticed Josephine
 20665 | Lair:5   | Killed Josephine
 20762 | Lair:5   | Reached skill level 1 in Ranged Weapons
 20794 | Lair:5   | XOM: enchant monster (bad)
 21067 | Lair:5   | XOM: torment (70/147 hp)
 21147 | Lair:5   | Reached XP level 16. HP: 125/150 MP: 16/16
 21171 | Lair:5   | XOM: confusion
 21430 | Lair:5   | XOM: summons 1 hostile demon
 21580 | Lair:5   | Lost mutation: You are very agile. (Dex +8, Str/Int -2)
                  | [Jiyva's grace]
 21580 | Lair:5   | Lost mutation: You are weak. (Str -2) [Jiyva's grace]
 21580 | Lair:5   | Lost mutation: Armour fits poorly on your massive
                  | pseudopods. [Jiyva's grace]
 21580 | Lair:5   | Gained mutation: Your flesh is cold resistant. (rC+)
                  | [Jiyva's grace]
 21580 | Lair:5   | Gained mutation: Your flesh is very cold resistant. (rC++)
                  | [Jiyva's grace]
 21580 | Lair:5   | Gained mutation: Your flesh is almost immune to the effects
                  | of cold. (rC+++) [Jiyva's grace]
 21580 | Lair:5   | Gained mutation: You have a small jelly attached to you
                  | that senses nearby items. [Jiyva's grace]
 21606 | Lair:5   | XOM: noise
 21606 | Lair:5   | Was forgiven by Xom
 21797 | Swamp:1  | Entered Level 1 of the Swamp
 22041 | Swamp:1  | HP: 7/157 [will-o-the-wisp/foxfire (23)]
 22041 | Swamp:1  | Killed from afar by a will-o-the-wisp

Illustrated notes

Levels and vault maps discovered:
D:1:      dpeg_arrival_leaves_temple_mockup, layout_rooms
D:2:      layout_basic, minmay_box_of_dots
D:3:      layout_rooms, chequers_serial_rivers_small_b,
          hangedman_decor_diamond_cutter, patterned_corridor
D:4:      layout_cave_pools, cheibriados_altar_1, dk_vineyard_3, uniq_eustachio
D:5:      layout_layer_cave, serial_shops, nicolae_shop_trees, minivault_11
D:6:      layout_basic, lemuel_tele_altar, amcnicky_mini_corridor_feature
D:7:      layout_loops_ring, mainiacjoe_overflow_big_doors,
          gammafunk_temple_overflow_statue, minmay_temple_entry_steel_oval
D:8:      layout_loops_cross, lair_entry_dummy, serial_shops, shop,
          nicolae_transporter_circle
D:9:      layout_long_grid, grunt_dithmenos_smoke,
          mainiacjoe_overflow_cross_hatched, serial_co_window_serial,
          co_window_corner_a, co_window_paths_a, co_window_paths_a,
          co_window_paths_b, co_window_paths_b, co_window_paths_a,
          co_window_corner_a, co_window_paths_b, co_window_paths_a,
          co_window_unsneaky_path_d, co_window_corner_b, co_window_corner_cb,
          glass_columns_a, glass_columns_a, glass_columns_a, glass_columns_a
D:10:     minmay_razor_zed, layout_long_grid, david_orc_5, uniq_erica,
          uniq_lodul, uniq_gastronok
D:11:     layout_rooms, serial_corexii_hall, chequers_hall_statues_y,
          corexii_hall_statues_x
D:12:     minmay_goldmine, layout_rooms, uniq_psyche
D:13:     layout_loops_ring, hangedman_vaults_entry_quadrant_bands
D:14:     layout_irregular_city, minmay_staircase_bubble
D:15:     hangedman_depths_entry_civil_slaughter, layout_loops_ring,
          okawaru_gym_becter, portal_ice_cave_entry_ugly_swarm
Lair:1:   layout_cave_pods, minivault_26, chequers_serial_rivers_micro_c,
          grunt_megastairs_4, uniq_sonja, uniq_fannar
Lair:2:   dreamdust_cave_troll, layout_misc_corridors, palyth_hydra_swamp_entry,
          serial_bayou_shore_a, infiniplex_staircase_pool_2
Lair:3:   layout_regular_city, spider_nest_entry_funnel_web
Lair:4:   layout_misc_corridors, slime_entry_2, basic_altar, lemuel_fruit_tree
Lair:5:   due_jungle_book, layout_long_grid, lightli_volcano_entry_magma_tube,
          uniq_josephine
Swamp:1:  layout_basic_swamp, hangedman_swamp_pad, nicolae_swamp_spooky_pond,
          uniq_frances
Slime:1:  layout_caves
Slime:2:  layout_caves
Slime:3:  layout_caves
Slime:4:  layout_caves
Slime:5
Orc:1:    layout_caves, nicolae_orc_crystal_geode, uniq_harold
Orc:2:    pf_orc_diabolical, layout_caves, ebering_ghost_rock_garden,
          hangedman_feature_mirror, nooodl_orcs_dogs

Skill      XL: |  1  2  3  4  5  6  7  8  9 10 11 12 13 14 15 16 |
---------------+-------------------------------------------------+-----
Fighting       | 4 5 6 8 9 11 12 14 15 16 17 | 17.7
Dodging        | 3 4 5 6 8 9 10 11 13 15 16 | 16.9
Long Blades    | 4 5 6 7 9 10 11 12 13 14 15 16 | 16.2
Evocations     | 5 7 9 11 | 11.0
Ranged Weapons | 2 3 |  3.7

Action                     |  1- 3 |  4- 6 |  7- 9 | 10-12 | 13-15 | 16-18 || total
---------------------------+-------+-------+-------+-------+-------+-------++-------
  Melee: Falchion          |   115 |   130 |   277 |   564 |  1134 |       ||  2220
         Tailslap          |    13 |    13 |    43 |   113 |   345 |    33 ||   560
         Punch             |     1 |     1 |       |       |       |       ||     2
         Headbutt          |       |       |    34 |   170 |    98 |    46 ||   348
         Scimitar          |       |       |       |    10 |   330 |       ||   340
         Great sword       |       |       |       |       |    98 |   116 ||   214
         Pseudopods        |       |       |       |       |    66 |    36 ||   102
Ability: Breathe Noxious F |       |       |    17 |    22 |    59 |     4 ||   102
  Evoke: Piece from Xom's  |       |     9 |     8 |    12 |       |       ||    29
         Wand              |       |       |       |     1 |     4 |       ||     5
         Lightning rod     |       |       |       |       |     9 |       ||     9
    Use: Scroll            |       |     6 |     6 |     5 |    12 |       ||    29
         Potion            |       |       |       |       |     7 |       ||     7
   Stab: Sleeping          |     3 |     2 |     1 |     1 |     2 |       ||     9
         Distracted        |       |     1 |     1 |     3 |     1 |       ||     6
         Paralysed         |       |    11 |     2 |     1 |       |       ||    14
         Petrified         |       |     7 |    24 |     7 |     5 |       ||    43
         Confused          |       |     3 |    24 |    35 |   141 |     9 ||   212
         Petrifying        |       |       |       |       |     9 |       ||     9
         Held in net/web   |       |       |       |       |     2 |       ||     2
 Armour: Skin              |    42 |    40 |    35 |    63 |   153 |    30 ||   363
  Dodge: Dodged            |    71 |    87 |   109 |   479 |  1273 |   170 ||  2189
  Block: Other             |       |     8 |     5 |       |       |       ||    13
         Buckler           |       |       |    70 |   200 |   301 |       ||   571

Table legend: (Time is in decaauts)
 A = Elapsed time spent in this place.
 B = Non-inter-level travel time spent in this place.
 C = Inter-level travel time spent in this place.
 D = Time resting spent in this place.
 E = Time spent auto-exploring this place.
 F = Levels seen in this place.
 G = Mean time per level.
                   A        B        C        D        E       F      G
               +--------+--------+--------+--------+--------+-----+--------+
         Total |  21517 |  19948 |   1569 |   1429 |  13428 |  30 |  717.2 |
       Dungeon |  12571 |  11627 |    944 |    716 |   8546 |  15 |  838.1 |
          Lair |   5574 |   5097 |    477 |    535 |   3281 |   5 | 1114.8 |
         Swamp |    277 |    277 |      0 |      0 |    138 |   1 |  277.0 |
    Slime Pits |    438 |    355 |     83 |      0 |    267 |   5 |   87.6 |
  Orcish Mines |   1791 |   1728 |     63 |    114 |   1012 |   2 |  895.5 |
      Ice Cave |    646 |    646 |      0 |     63 |    127 |   1 |  646.0 |
       Volcano |    217 |    217 |      0 |      0 |     55 |   1 |  217.0 |
               +--------+--------+--------+--------+--------+-----+--------+

Top non-repeatable levels by time:
  Lair:5: 1427 daAuts
   Orc:2: 1387 daAuts
    D:10: 1288 daAuts
     D:5: 1275 daAuts
  Lair:1: 1203 daAuts
  Lair:3: 1098 daAuts
  Lair:2: 1086 daAuts
     D:8: 1056 daAuts
     D:3: 962 daAuts
     D:9: 910 daAuts
     D:7: 868 daAuts
    D:13: 828 daAuts
     D:4: 782 daAuts
  Lair:4: 758 daAuts
     D:2: 725 daAuts
